Quadruple Gustas

Match 19316037
End
Panzergrenadier Squad
Panzergrenadier Squad
Kradschützen Motorcycle Team
Construct Light Support Kompanie
MG34 Team
2.5-tonne Medical Truck
Selects Italian Infantry
Selects Italian Infantry
Selects Italian Infantry
Fire Support Elements
Selects Guastatori Squad
Guastatori Squad
Pak 38 Mechanized Group
Guastatori Squad
Selects Registered Artillery
Construct Panzerarmee Kommand
Armored Reserves
Selects Defensive Operations
Selects Territory Booby Traps
Pak 38 Anti-tank Gun Team
Registered Artillery
Panzer III L Medium Tank
Panzer IV Assault Group
AI Takeover
sheenhochul
Ghost
aSIIAnthrax
aSIISpanky
0
0

Comments sign in to comment!

No comments posted yet!